 Dungeon Crawl Stone Soup version bcrawl-1.17.3 (webtiles) character file.

Game seed: 10960791539640978783

140 JackS81 the Cudgeler (level 5, -3/32 HPs)
             Began as a Skeleton Reaver on Oct 30, 2019.
             Was a Believer of Vehumet.
             Slain by Grinder (5 damage)
             ... on level 3 of the Dungeon on Oct 31, 2019.
             The game lasted 00:14:50 (2511 turns).

JackS81 the Cudgeler (Skeleton Reaver)              Turns: 2511, Time: 00:14:51

Health: -3/32      AC:  6    Str: 17 (18) XL:     5   Next: 2%
Magic:  0/10       EV: 12    Int: 12 (13) God:    Vehumet [**....]
Gold:   182        SH:  0    Dex:  7      Spells: 8/10 levels left

rFire    . . .     SeeInvis .   a - +0 flail
rCold    + . .     Gourm    .   (no shield)
rNeg     + + +     Faith    .   b - +0 steam dragon scales
rPois    ∞         Spirit   +   c - +0 helmet
rElec    .         Reflect  .   (no cloak)
rCorr    .         Harm     .   (no gloves)
MR       .....                  (no boots)
Stlth    +.........             (no amulet)
HPRegen  0.10/turn              (no ring)
MPRegen  0.12/turn              (no ring)

@: no status effects
A: no food or potions, cold resistance 1, deterioration 1, negative energy
resistance 3, torment resistance, unbreathing, magic shield, sturdy frame 1,
spell healing
a: Renounce Religion


You were on level 3 of the Dungeon.
You worshipped Vehumet.
Vehumet was pleased with you.
You were not hungry.

You visited 1 branch of the dungeon, and saw 3 of its levels.

You collected 182 gold pieces.

Inventory:

Hand Weapons
 a - a +0 flail (weapon)
 d - a +0 whip
 k - a +0 hunting sling
 m - a +0 blowgun
Missiles
 e - 355 stones (quivered)
 j - 189 bolts
 n - 244 poisoned needles
 q - 36 needles of confusion
 s - 74 sling bullets
Armour
 b - +0 steam dragon scales (worn)
 c - a +0 helmet (worn)
Jewellery
 r - an uncursed ring of poison resistance {unknown}
Scrolls
 f - 2 scrolls of blinking {unknown}
 g - a scroll of magic mapping {unknown}
 h - 3 scrolls of fog {unknown}
 i - a scroll of noise {unknown}
 l - a scroll of amnesia {unknown}
 o - 2 scrolls of teleportation {unknown}
 p - a scroll of identify {unknown}


   Skills:
 - Level 3.4 Fighting
 + Level 5.0 Maces & Flails
 * Level 1.3 Slings
 + Level 2.1 Armour
 + Level 3.1 Dodging
 + Level 3.3 Spellcasting
 * Level 1.7 Conjurations


You had 8 spell levels left.
You knew the following spells:

 Your Spells              Type           Power        Failure   Level  Hunger
a - Sting                 Conj/Pois      #...         17%         1    N/A
b - Magic Dart            Conj           #...         12%         1    N/A

Your spell library contained the following spells:

 Spells                   Type           Power        Failure   Level  Hunger
 Iskenderun's Battlesphe  Conj/Chrm      #.......     99%         5    N/A

Dungeon Overview and Level Annotations

Branches:
Dungeon (3/12)

Altars:
Uskayaw

Annotations:
D:3 Grinder


Innate Abilities, Weirdness & Mutations

You do not eat or drink.
You are immune to poison.
Your flesh is cold resistant. (rC+)
Your body sometimes deteriorates upon taking damage.
You are immune to negative energy. (rN+++)
You are immune to unholy pain and torment.
You can survive without breathing.
When hurt, damage is shared between your health and your magic reserves.
Your movements are slightly less encumbered by armour. (ER -2)
Casting spells heals you.


Message History

Grinder gestures at you. You resist with some effort.
You sock Grinder!
Grinder is almost dead.
Grinder hits you.
* * * LOW HITPOINT WARNING * * *
You closely miss Grinder.
Grinder is almost dead.
Grinder barely misses you.
You hit Grinder.
Grinder is almost dead.
Grinder barely misses you.
You hit Grinder but do no damage.
Grinder is almost dead.
Grinder hits you!
* * * LOW HITPOINT WARNING * * *
You barely miss Grinder.
Grinder is almost dead.
Grinder hits you!
You die...

# #........#.# #.#
######.####.##.##..#
...#...# #.)..#..######
.....### ##!÷.........#
#......%..##.#.........#
#.......#...)..........#
#.........####.........#
#..#....### #.........#
...##.#.######.5@......#
...............#.......#
.#.##...#..##...........
.......##..........# .
###.....########
..>.##...........#
.......(..)#####.#
.....####..#(..#.# .#..
##.#...#.#


You could see Grinder and a +0 hand axe.

Vanquished Creatures
  Robin (D:2)
  3 adders
  2 oozes (D:1)
  2 worms (D:2)
  2 dart slugs (D:1)
  2 leopard geckos
  3 orcs (D:3)
  6 bats
  3 giant cockroaches
  11 goblins
  17 hobgoblins
  3 jackals (D:2)
  2 quokkas (D:3)
  3 frilled lizards
  8 kobolds
  6 rats
74 creatures vanquished.

Notes
Turn   | Place    | Note
-------+----------+-------------------------------------------
     0 | D:1      | JackS81 the Skeleton Reaver began the quest for the Orb.
     0 | D:1      | Reached XP level 1. HP: 14/14 MP: 4/4
   144 | D:1      | Reached skill level 1 in Armour
   164 | D:1      | Reached XP level 2. HP: 17/19 MP: 6/6
   440 | D:1      | Reached skill level 4 in Maces & Flails
   507 | D:1      | Reached XP level 3. HP: 22/23 MP: 5/7
   576 | D:1      | Reached * piety under Vehumet
   576 | D:1      | Offered knowledge of Sting by Vehumet.
   579 | D:1      | Learned a level 1 spell: Sting
  1066 | D:2      | Noticed Robin
  1181 | D:2      | Reached skill level 1 in Conjurations
  1360 | D:2      | Reached XP level 4. HP: 27/28 MP: 5/8
  1430 | D:2      | Reached ** piety under Vehumet
  1463 | D:2      | Killed Robin
  1463 | D:2      | Offered knowledge of Magic Dart by Vehumet.
  1564 | D:2      | Learned a level 1 spell: Magic Dart
  1785 | D:2      | Reached skill level 1 in Slings
  2151 | D:3      | Noticed a +0 dagger
  2151 | D:3      | Noticed a +0 hand axe
  2152 | D:3      | Found a hide-covered altar of Uskayaw.
  2219 | D:3      | Reached skill level 5 in Maces & Flails
  2224 | D:3      | Reached XP level 5. HP: 32/32 MP: 6/10
  2265 | D:3      | Noticed Grinder
  2511 | D:3      | Slain by Grinder

Skill      XL: |  1  2  3  4 |
---------------+-------------+-----
Armour         | 1 2 |  2.1
Maces & Flails | 4 5 |  5.0
Conjurations   | 1 |  1.7
Slings         | 1 |  1.3
Fighting       | |  3.4
Dodging        | |  3.1
Spellcasting   | |  3.3

Action                   |  1- 3 |  4- 6 || total
-------------------------+-------+-------++-------
Melee: Flail             |   173 |    68 ||   241
 Fire: Hunting sling     |    11 |    29 ||    40
 Cast: Sting             |     4 |    22 ||    26
       Magic Dart        |       |     2 ||     2
  Use: Scroll            |     1 |       ||     1
 Stab: Sleeping          |     1 |       ||     1
Armor: Steam dragon scal |    63 |    19 ||    82
Dodge: Dodged            |   130 |    60 ||   190
